 Dungeon Crawl Stone Soup version 0.14-a0-788-g14b720c (webtiles) character file.

80688 Malachi the Cleaver (level 15, -6/104 HPs)
             Began as a Demonspawn Wanderer on Nov 10, 2013.
             Was the Champion of Makhleb.
             Mangled by a blizzard demon (17 damage)
             ... summoned by the player character
             ... on Level 2 of the Shoals.
             The game lasted 01:36:53 (32738 turns).

Malachi the Cleaver (Demonspawn Wanderer)          Turns: 32738, Time: 01:36:54

HP  -6/104       AC 17     Str 16      XL: 15   Next: 19%
MP  29/29        EV 19     Int 11      God: Makhleb [******]
Gold 1649        SH 26     Dex 18      Spells:  0 memorised, 14 levels left

Res.Fire  : + . .   See Invis. : .   v - +4,+5 dwarf war axe (flame)
Res.Cold  : + . .   Warding    : .   Y - +0 troll leather armour
Life Prot.: . . .   Conserve   : +   g - +2 shield {rC+}
Res.Poison: .       Res.Corr.  : .   (helmet unavailable)
Res.Elec. : .       Clarity    : .   r - +0 cloak
Sust.Abil.: . .     Spirit.Shd : .   V - +1 pair of dwarf gauntlets
Res.Mut.  : .       Stasis     : .   K - +0 pair of boots
Res.Rott. : .       Flight     : .   X - amulet of conservation
Saprovore : . . .                    l - +4 ring of protection
                                     j - ring of flight

@: about to teleport, invisible, very slightly contaminated, hasted, very quick,
somewhat resistant to hostile enchantments, quite stealthy
A: horns 3, conserve scrolls, fire resistance 1, ignite blood, nightstalker 2,
AC +3
a: Minor Destruction, Lesser Servant of Makhleb, Major Destruction, Greater
Servant of Makhleb, Renounce Religion, Evoke Flight


You were on level 2 of the Shoals.
You worshipped Makhleb.
Makhleb was exalted by your worship.
You were not hungry.

You visited 5 branches of the dungeon, and saw 29 of its levels.

You collected 3046 gold pieces.
You spent 1397 gold pieces at shops.

Inventory:

Hand weapons
 v - a +4,+5 dwarven war axe of flaming (weapon)
 A - the +1,+1 mace of Skoynejio {freeze, MR++}
   (You found it on level 7 of the Lair of Beasts)

   It has been specially enchanted to freeze those struck by it, causing extra
   injury to most foes and up to double damage against particularly susceptible
   opponents.
   It can also slow down cold-blooded creatures.
   It affects your resistance to hostile enchantments.
 E - a +0,+1 orcish trident
Armour
 g - a +2 shield of cold resistance (worn)
 r - a +0 cloak (worn)
 K - a +0 pair of boots (worn)
 V - a +1 pair of dwarven gauntlets (worn)
 Y - a +0 troll leather armour (worn)
Magical devices
 C - a wand of disintegration (8)
 D - a wand of lightning (5)
 G - a wand of hasting (1)
 J - a wand of digging (13)
 L - a wand of fireball (4)
 P - a wand of frost (13)
 R - a wand of fire (5)
 W - a wand of polymorph (5)
Comestibles
 c - 7 bread rations
 O - 4 meat rations
Scrolls
 n - 4 scrolls of teleportation
 w - a scroll of immolation
 x - 2 scrolls of remove curse
 I - 3 scrolls of identify
 N - a scroll of magic mapping
 U - 3 scrolls of fear
Jewellery
 d - an uncursed ring of regeneration
 j - a ring of flight (left hand)
 k - an uncursed amulet of stasis
 l - a +4 ring of protection (right hand)
 p - a +4 ring of protection
 s - an uncursed ring of see invisible
 y - an uncursed ring of sustenance
 H - a +3 ring of evasion
 M - an uncursed amulet of resist corrosion
 S - an uncursed ring of protection from fire
 X - an amulet of conservation (around neck)
Potions
 a - 3 potions of flight
 b - a potion of invisibility
 e - a potion of might
 f - 9 potions of curing
 i - a potion of speed
 m - a potion of magic
 o - a potion of resistance
 q - a potion of cure mutation
 t - a potion of restore abilities
 B - 3 potions of berserk rage
 Z - a potion of brilliance
Books
 u - a book of Spatial Translocations

   Spells                             Type                      Level
   Apportation                        Translocation                1
   Portal Projectile                  Translocation                2
   Blink                              Translocation                2
   Shroud of Golubria                 Charms/Translocation         2
   Teleport Other                     Translocation                3
   Passage of Golubria                Translocation                4
 z - a book of Flames

   Spells                             Type                      Level
   Flame Tongue                       Conjuration/Fire             1
   Throw Flame                        Conjuration/Fire             2
   Conjure Flame                      Conjuration/Fire             3
   Inner Flame                        Hexes/Fire                   3
   Sticky Flame                       Conjuration/Fire             4
   Fireball                           Conjuration/Fire             5
 F - a book of Alchemy

   Spells                             Type                      Level
   Lethal Infusion                    Charms/Necromancy            2
   Sublimation of Blood               Necromancy                   2
   Condensation Shield                Ice                          4
   Alistair's Intoxication            Transmutation/Poison         4
   Petrify                            Transmutation/Earth          4
   Ignite Poison                      Fire/Transmutation           5


   Skills:
 - Level 7.0 Fighting
 + Level 14.2 Axes
 - Level 6.1 Polearms
   Level 5.0 Staves
   Level 1.7 Bows
 - Level 0.3 Throwing
 - Level 8.6 Armour
 + Level 11.1 Dodging
 - Level 0.6 Stealth
 * Level 9.7 Shields
 - Level 0.1 Unarmed Combat
 - Level 12.1 Invocations
 * Level 2.4 Evocations


You had 14 spell levels left.
You didn't know any spells.

Dungeon Overview and Level Annotations

Branches:
Dungeon (14/27)            Temple (1/1) D:7             Orc (4/4) D:7
    Elf (0/3) Orc:3          Lair (8/8) D:8          Shoals (2/5) Lair:5
 Spider (0/5) Lair:6        Slime (0/6) Lair:6

Altars:
Ashenzari
Cheibriados
Elyvilon
Fedhas
Kikubaaqudgha
Makhleb
Nemelex Xobeh
Okawaru
Sif Muna
Trog
Vehumet
Xom
Yredelemnul
Zin
the Shining One
Beogh
Jiyva

Shops:
D:10 [[!=(   D:13 (   Orc:3 *   Orc:4 ([(?(![

Annotations:
D:7 Menkaure
D:12 Malachi's ghost, powerful NaEn
Shoals:1 exclusion: Roxanne, Roxanne


Innate Abilities, Weirdness & Mutations

You have a pair of large horns on your head.
You are mostly covered in slimy green scales (AC +3).
You are very good at protecting items from fire.
Your flesh is heat resistant.
Your demonic aura causes spilled blood to erupt in flames.
You are significantly more attuned to the shadows.


Message History

Drink which item? (? for menu, Esc to quit)
You feel much better.
Use which ability? (? or * to list)
Okay, then.
Use which ability? (? or * to list)
A demon appears!
You feel somewhat more hungry.
The manticore flicks its tail!
The volley of spikes misses you.
Use which ability? (? or * to list)
A demon appears!
It doesn't seem very happy.
You feel somewhat more hungry. You block the merfolk's attack.
Unknown command.
Read which item? (? for menu, Esc to quit)
As you read the scroll of teleportation, it crumbles to dust.
You feel strangely unstable.
The manticore flicks its tail!
The volley of spikes misses you.
The merfolk throws a tomahawk.
You block the tomahawk.
Drink which item? (? for menu, Esc to quit)
You fade into invisibility!
The blizzard demon hits you!
You die...

≈≈≈ ≈≈≈≈≈≈≈
≈≈≈≈≈≈≈≈≈≈≈
≈≈≈≈≈≈≈≈≈≈≈≈≈≈
≈≈§§.≈≈≈≈≈≈≈.≈≈≈
≈≈§≈..≈≈≈≈≈..≈≈≈≈
≈≈PP≈§≈≈.m..≈≈≈≈≈≈
≈≈P§(§§§m.##@.≈≈≈≈≈
≈≈≈PP§§§)##§.2§≈≈≈.
≈≈PP..#m§§..§2≈≈≈.
≈≈P.##§m§§$.≈≈≈§.
≈≈≈≈..m§H§≈§.≈≈≈§
≈≈≈≈≈≈<≈§≈≈≈≈§≈§
≈≈≈≈≈≈§≈§≈§§≈§
≈≈≈≈≈≈§≈≈≈≈.
≈≈≈≈≈§≈≈≈≈.


You could see a blizzard demon, a merfolk and a friendly cacodemon.

Vanquished Creatures
  Rupert (Shoals:1)
  Kirke (D:14)
  Gastronok (D:12)
  A vault guard (D:14)
  An ettin (Orc:4)
  Fannar (Orc:3)
  Harold (Orc:3)
  Josephine (D:12)
  6 hydras
  Erica (Orc:2)
  A rakshasa (D:13)
  Urug (D:12)
  5 orc high priests (Orc:4)
  2 centaur warriors (D:14)
  An ice devil (Orc:3)
  2 sea snakes (Shoals:1)
  An unseen horror (D:13)
  Pikel (D:9)
  The ghost of timbw the Cleaver, an experienced LOBe of Trog (D:10)
  Joseph (D:7)
  6 hill giants
  A lindwurm (Lair:7)
  A necromancer (Lair:4)
  3 cyclopes
  3 orc sorcerers (Orc:3)
  12 elephants
  Maurice (D:13)
  2 black mambas
  7 spiny frogs
  4 humans (D:7)
  A yaktaur (D:14)
  2 spriggan druids (Lair:8)
  Psyche (D:9)
  2 orange demons (Orc:4)
  9 komodo dragons
  A mermaid (Shoals:1)
  An orb spider (Lair:6)
  7 spriggans (Lair:8)
  5 trolls
  3 two-headed ogres
  2 polar bears
  Sonja (D:12)
  13 slime creatures
  2 wandering mushrooms (Lair:3)
  6 snapping turtles (Shoals:1)
  6 blink frogs
  3 grizzly bears (Lair:8)
  A vampire (D:13)
  3 basilisks
  4 ugly things (D:13)
  2 hill giant zombies
  A shadow (D:14)
  2 wyverns
  2 octopodes (Shoals:1)
  An elephant slug (Lair:7)
  27 yaks
  Eustachio (D:9)
  A hungry ghost (D:8)
  3 hogs (D:14)
  A rock worm (Lair:6)
  8 merfolk
  A shark (Lair:7)
  6 hippogriffs
  5 manticores
  16 wolves (Lair:8)
  A necrophage (D:10)
  A soldier ant (D:11)
  9 black bears
  A deep dwarf (D:9)
  5 sky beasts
  7 giant goldfish
  3 porcupines
  A slave (D:9)
  2 phantoms
  The ghost of Malachi the Infuser, an average NaSk (D:5)
  13 orc warriors
  19 centaurs
  15 ogres
  10 ice beasts
  5 crocodiles
  Duvessa (D:7)
  7 wargs
  12 water moccasins
  4 giant slugs
  A big kobold (D:14)
  2 giant slug zombies (Lair:4)
  20 giant frogs
  A komodo dragon zombie (Lair:4)
  Blork the orc (D:7)
  A yaktaur zombie (D:14)
  A cyclops zombie (D:14)
  2 manticore zombies
  12 agate snails
  A gnoll sergeant (D:7)
  A yak zombie (D:12)
  5 jellyfish (Lair:4)
  11 killer bees
  9 wights
  6 electric eels
  8 crimson imps
  2 hippogriff skeletons
  Dowan (D:7)
  41 orc priests
  12 big fish
  A gnoll shaman (D:7)
  4 goliath beetles
  18 hounds
  A basilisk zombie (Lair:4)
  A quasit (D:9)
  A centaur skeleton (D:5)
  6 jellies
  A giant frog skeleton (D:12)
  6 iguanas
  34 orc wizards
  2 scorpions
  A black bear skeleton (D:10)
  12 worker ants
  20 sheep
  A crocodile zombie (Lair:4)
  Ijyb (D:7)
  Jessica (D:7)
  A mottled dragon skeleton (D:12)
  A big kobold zombie (D:9)
  Terence (D:3)
  13 gnolls
  19 green rats
  22 adders
  3 giant centipedes
  A giant mite (D:3)
  7 worms
  A white imp (D:9)
  An adder skeleton (D:6)
  3 giant eyeballs
  3 oozes
  203 orcs
  24 bats
  3 giant cockroaches
  18 hobgoblins
  23 kobolds
  A ball python (D:1)
  10 giant geckos
  4 giant newts
  4 giant spores
  28 goblins
  A hobgoblin skeleton (D:4)
  19 illusory rakshasas (D:13)
  36 jackals
  An orc skeleton (D:5)
  3 orc zombies
  10 quokkas
  A quokka skeleton (D:6)
  18 rats
  A rat skeleton (D:4)
  7 ballistomycetes
  9 butterflies (D:12)
  4 fungi
  8 plants
1099 creatures vanquished.

Vanquished Creatures (others)
  An electric eel (Lair:7)
  An orc (Orc:3)
  2 fungi
  4 plants
8 creatures vanquished.

Grand Total: 1107 creatures vanquished

Notes
Turn   | Place    | Note
--------------------------------------------------------------
     0 | D:1      | Malachi, the Demonspawn Wanderer, began the quest for the Orb.
     0 | D:1      | Reached XP level 1. HP: 14/14 MP: 1/1
    95 | D:1      | Reached skill level 3 in Staves
   401 | D:1      | Gained mutation: You are partially covered in slimy green scales (AC +2). [demonic ancestry]
   401 | D:1      | Reached XP level 2. HP: 11/20 MP: 2/2
  1986 | D:2      | Gained mutation: You are very good at protecting items from fire. [demonic ancestry]
  1986 | D:2      | Reached XP level 3. HP: 25/25 MP: 4/4
  2143 | D:2      | Reached skill level 1 in Dodging
  3069 | D:2      | Gained mutation: You have a pair of small horns on your head. [demonic ancestry]
  3069 | D:2      | Reached XP level 4. HP: 22/32 MP: 5/5
  4037 | D:3      | Gained mutation: Your flesh is heat resistant. [demonic ancestry]
  4037 | D:3      | Reached XP level 5. HP: 35/37 MP: 7/7
  4089 | D:3      | Noticed Terence
  4109 | D:3      | Killed Terence
  4444 | D:4      | Noticed a phantom
  4477 | D:4      | Killed a phantom
  4652 | D:4      | Gained mutation: You are slightly more attuned to the shadows. [demonic ancestry]
  4652 | D:4      | Reached XP level 6. HP: 34/44 MP: 8/8
  4834 | D:4      | Reached skill level 4 in Staves
  5213 | D:4      | Noticed an ogre
  5218 | D:4      | Killed an ogre
  5294 | D:4      | Noticed an ogre
  5303 | D:4      | Killed an ogre
  5303 | D:4      | Reached XP level 7. HP: 32/50 MP: 9/9
  6163 | D:5      | Entered Level 5 of the Dungeon
  6928 | D:5      | Noticed Malachi's ghost (average NaSk)
  6961 | D:5      | Killed Malachi's ghost
  7014 | D:5      | Reached skill level 5 in Staves
  7014 | D:5      | Gained mutation: Your demonic aura causes spilled blood to erupt in flames. [demonic ancestry]
  7014 | D:5      | Reached XP level 8. HP: 57/57 MP: 11/11
  7303 | D:6      | Reached skill level 1 in Axes
  7714 | D:6      | Reached skill level 5 in Armour
  8232 | D:6      | Reached skill level 5 in Dodging
  8674 | D:6      | Reached skill level 1 in Evocations
  9135 | D:7      | Gained mutation: You have a pair of horns on your head. [demonic ancestry]
  9135 | D:7      | Reached XP level 9. HP: 63/63 MP: 12/12
  9238 | D:7      | Reached skill level 6 in Armour
  9248 | D:7      | Reached skill level 5 in Fighting
  9292 | D:7      | Noticed Menkaure
  9549 | D:7      | Noticed Duvessa
  9549 | D:7      | Noticed Dowan
  9963 | D:8      | Reached skill level 5 in Polearms
 10478 | D:8      | Found a staircase to the Lair.
 11305 | D:7      | Noticed Joseph
 11314 | D:7      | Killed Joseph
 11314 | D:7      | Reached skill level 7 in Armour
 11314 | D:7      | Reached XP level 10. HP: 64/71 MP: 14/14
 11681 | D:7      | Found a staircase to the Ecumenical Temple.
 11720 | Temple   | Entered the Ecumenical Temple
 11841 | Temple   | Became a worshipper of Makhleb the Destroyer
 11892 | D:7      | Noticed Blork the orc
 11899 | D:7      | Killed Blork the orc
 11913 | D:7      | Found a staircase to the Orcish Mines.
 12313 | D:7      | Noticed Jessica
 12315 | D:7      | Noticed a human
 12317 | D:7      | Noticed Ijyb
 12318 | D:7      | Killed a human
 12322 | D:7      | Reached skill level 5 in Axes
 12322 | D:7      | Killed Ijyb
 12325 | D:7      | Killed Jessica
 12352 | D:7      | Acquired Makhleb's first power
 12467 | D:7      | Killed Duvessa
 12473 | D:7      | Killed Dowan
 12757 | D:8      | Identified a scroll of acquirement
 12760 | D:8      | Got a silk robe
 12773 | D:8      | Identified the +2 robe "Acruocug" {Str-2 Acc+4} (You acquired it on level 8 of the Dungeon)
 12968 | D:9      | Acquired Makhleb's second power
 13142 | D:9      | Noticed Psyche
 13154 | D:9      | Killed Psyche
 13254 | D:9      | Noticed Eustachio
 13283 | D:9      | Killed Eustachio
 13383 | D:9      | Acquired Makhleb's third power
 13445 | D:9      | Gained mutation: You are mostly covered in slimy green scales (AC +3). [demonic ancestry]
 13445 | D:9      | Reached XP level 11. HP: 78/78 MP: 18/18
 13448 | D:9      | Noticed Pikel
 13459 | D:9      | Killed Pikel
 13459 | D:9      | Reached skill level 8 in Armour
 13933 | D:10     | Entered Level 10 of the Dungeon
 13960 | D:10     | Found Gherunan's Antique Armour Shop.
 13969 | D:10     | Bought a bronze scale mail for 385 gold pieces
 13986 | D:10     | Identified the cursed -1 scale mail of Brupheviu {Str+4 Stlth++} (You bought it in a shop on level 10 of the Dungeon)
 14198 | D:10     | Noticed timbw's ghost (experienced LOBe)
 14226 | D:10     | Killed timbw's ghost
 14389 | D:10     | Found Crorooc's Weapon Boutique.
 14577 | D:10     | Found Nagum's Jewellery Shop.
 14607 | D:10     | Acquired Makhleb's fourth power
 14708 | D:10     | Found Ibuthrukh's Distillery.
 14739 | D:10     | Found a viscous altar of Jiyva.
 14753 | D:10     | Paralysed by a giant eyeball for 2 turns
 14841 | D:10     | Paralysed by a giant eyeball for 4 turns
 14936 | D:10     | Found Ble Twel's Antique Armour Emporium.
 14945 | D:10     | Reached skill level 5 in Invocations
 15143 | D:10     | Noticed a hill giant
 15148 | D:10     | Killed a hill giant
 15486 | D:11     | Reached skill level 1 in Shields
 15716 | D:11     | Reached skill level 9 in Axes
 15894 | D:11     | Noticed a hill giant
 15897 | D:11     | Killed a hill giant
 15934 | D:11     | Acquired Makhleb's fifth power
 16367 | D:12     | Noticed a hill giant
 16375 | D:12     | Killed a hill giant
 16459 | D:12     | Noticed Urug
 16478 | D:12     | Killed Urug
 16478 | D:12     | Reached XP level 12. HP: 85/85 MP: 21/21
 16573 | D:12     | Noticed Malachi's ghost (powerful NaEn)
 16708 | Lair:1   | Entered Level 1 of the Lair of Beasts
 16955 | Lair:1   | Reached skill level 10 in Axes
 18966 | Lair:4   | Noticed a four-headed hydra
 18977 | Lair:4   | Killed a one-headed hydra
 19162 | Lair:4   | Reached skill level 11 in Axes
 19163 | Lair:4   | Reached skill level 5 in Shields
 20104 | Lair:5   | Got a transparent war axe
 20105 | Lair:5   | Identified the cursed +10,-1 war axe of Yrcha {drain, +Fly Dex+2 Int-2} (You found it on level 5 of the Lair of Beasts)
 20105 | Lair:5   | Identified the cursed +10,-1 war axe of Yrcha {drain, +Fly Dex+2 Int-2} (You found it on level 5 of the Lair of Beasts)
 20142 | Lair:5   | Noticed a four-headed hydra
 20151 | Lair:5   | Killed a two-headed hydra
 20470 | Lair:5   | Gained mutation: You are significantly more attuned to the shadows. [demonic ancestry]
 20470 | Lair:5   | Reached XP level 13. HP: 91/91 MP: 24/24
 20811 | Lair:5   | Found a staircase to the Shoals.
 21224 | Lair:6   | Found an iron altar of Okawaru.
 21445 | Lair:6   | Found a staircase to the Slime Pits.
 21966 | Lair:6   | Found a hole to the Spider Nest.
 22536 | Lair:7   | Reached skill level 12 in Axes
 22934 | Lair:7   | Got an encrusted mace
 22935 | Lair:7   | Identified the cursed +1,+1 mace of Skoynejio {freeze, MR++} (You found it on level 7 of the Lair of Beasts)
 22935 | Lair:7   | Identified the cursed +1,+1 mace of Skoynejio {freeze, MR++} (You found it on level 7 of the Lair of Beasts)
 23243 | Lair:8   | Entered Level 8 of the Lair of Beasts
 23541 | Lair:8   | Reached skill level 10 in Dodging
 23911 | Lair:8   | Reached skill level 10 in Invocations
 24161 | Lair:8   | Gained mutation: You have a pair of large horns on your head. [demonic ancestry]
 24161 | Lair:8   | Reached XP level 14. HP: 93/98 MP: 27/27
 24781 | D:12     | Noticed Josephine
 24789 | D:12     | Killed Josephine
 25098 | D:12     | Reached skill level 13 in Axes
 25668 | D:12     | Noticed Sonja
 25672 | D:12     | Noticed a hill giant
 25682 | D:12     | Killed a hill giant
 25682 | D:12     | Killed Sonja
 25873 | D:12     | Noticed Gastronok
 25891 | D:12     | Killed Gastronok
 26609 | D:13     | Found a sparkling altar of Nemelex Xobeh.
 26694 | D:13     | Noticed Maurice
 26698 | D:13     | Found Ashiucam's Antique Weapon Emporium.
 26709 | D:13     | Killed Maurice
 27888 | D:14     | Noticed Kirke
 27897 | D:14     | Killed Kirke
 28564 | Orc:1    | Entered Level 1 of the Orcish Mines
 29175 | Orc:3    | Found a staircase to the Elven Halls.
 29207 | Orc:3    | Found Feree's Assorted Antiques.
 29232 | Orc:3    | Bought a scroll labeled CLIRICHOLU for 32 gold pieces
 29232 | Orc:3    | Bought a pair of dwarven gauntlets for 44 gold pieces
 29250 | Orc:3    | Noticed Harold
 29260 | Orc:3    | Killed Harold
 29269 | Orc:3    | Found a bloodstained altar of Trog.
 29526 | Orc:3    | Noticed Fannar
 29535 | Orc:3    | Killed Fannar
 29859 | Orc:4    | Entered Level 4 of the Orcish Mines
 29876 | Orc:4    | Found Iniuwk's Weapon Shoppe.
 29919 | Orc:4    | Found Utatuh's Magic Scroll Shoppe.
 29928 | Orc:4    | Found Poticlup's Weapon Shoppe.
 30171 | Orc:4    | Found a roughly hewn altar of Beogh.
 30478 | Orc:4    | Found Toiddoy's Armour Boutique.
 30478 | Orc:4    | Found Uxuil's Weapon Emporium.
 30569 | Orc:4    | Found a roughly hewn altar of Beogh.
 30590 | Orc:4    | Found Enaulum's Distillery.
 30590 | Orc:4    | Found Saopulit's Armour Emporium.
 30597 | Orc:4    | Reached skill level 14 in Axes
 31123 | Orc:4    | Bought a scroll of acquirement for 936 gold pieces
 31213 | Orc:3    | Reached XP level 15. HP: 104/104 MP: 29/29
 31365 | Orc:2    | Noticed Erica
 31373 | Orc:2    | Killed Erica
 32010 | Shoals:1 | Entered Level 1 of the Shoals
 32271 | Shoals:1 | Noticed Rupert
 32273 | Shoals:1 | Paralysed by Rupert for 2 turns
 32376 | Shoals:1 | Noticed a kraken
 32432 | Shoals:1 | Paralysed by Rupert for 2 turns
 32445 | Shoals:1 | Killed Rupert
 32474 | Shoals:1 | Noticed Roxanne
 32731 | Shoals:2 | HP: 5/104 [merfolk/spear (9)]
 32738 | Shoals:2 | Mangled by a blizzard demon

Action                   |  1- 3 |  4- 6 |  7- 9 | 10-12 | 13-15 || total
-------------------------+-------+-------+-------+-------+-------++-------
Melee: Quarterstaff      |   139 |   159 |   202 |       |       ||   500
       Trident           |       |       |   353 |       |       ||   353
       War axe           |       |       |    74 |   746 |  1436 ||  2256
       Unarmed           |       |       |       |    25 |       ||    25
Throw: Tomahawk          |       |       |     6 |     4 |       ||    10
Invok: Minor Destruction |       |       |       |     4 |     3 ||     7
       Major Destruction |       |       |       |       |     6 ||     6
       Greater Servant o |       |       |       |       |     2 ||     2
 Abil: Evoke Flight      |       |       |       |       |     3 ||     3
Evoke: Wand              |       |       |     7 |     6 |     6 ||    19
  Use: Scroll            |       |     7 |     5 |    33 |    20 ||    65
       Potion            |       |       |     7 |     3 |    16 ||    26
 Stab: Confused          |       |       |       |     1 |       ||     1
       Sleeping          |       |       |       |    13 |    29 ||    42
       Distracted        |       |       |       |       |     5 ||     5
       Fleeing           |       |       |       |       |     1 ||     1
